 Dungeon Crawl Stone Soup version 0.31.0-11-ge490571c62 (webtiles) character file.

Game seed: 7707958223880505415

65 SnakkuSnakku7 the Magician (level 3, -1/29 HPs)
             Began as an Armataur Hedge Wizard on Jan 27, 2024.
             Killed by divine providence
             ... invoked by an orc priest
              (12 damage)
             ... on level 3 of the Dungeon.
             The game lasted 00:02:14 (2326 turns).

SnakkuSnakku7 the Magician (Armataur Hedge Wizard)  Turns: 2326, Time: 00:02:15

Health: -1/29      AC:  7    Str: 17    XL:     3   Next: 94%
Magic:  7/7        EV:  5    Int: 14    God:
Gold:   36         SH:  0    Dex:  9    Spells: 6/7 levels left

rFire   . . .        a - +0 flail
rCold   . . .        (no shield)
rNeg    . . .        p - +0 chain mail
rPois   .            c - +0 hat
rElec   .            (no cloak)
rCorr   +            (no gloves)
SInv    .            (no barding)
Will    .....        (no amulet) Stlth
                     g - ring of resist corrosion
HPRegen 0.24/turn    (no ring)
MPRegen 0.10/turn

%: roll
@: no status effects
A: large, deformed body, tough skin 3, armoured tail, roll 1
a: no special abilities


You were on level 3 of the Dungeon.
You visited 1 branch of the dungeon, and saw 3 of its levels.

You collected 201 gold pieces.
You spent 165 gold pieces at shops.

Inventory:

Hand Weapons
 a - a +0 flail (weapon)
 e - a +0 long sword
 i - a +0 dagger
 x - a +0 mace
Missiles
 t - 4 poisoned darts
Armour
 b - a +0 robe
 c - a +0 hat (worn)
 p - a +0 chain mail (worn)
Jewellery
 g - a ring of resist corrosion (left hand)
 l - a ring of wizardry
 m - the ring "Piesetec" {rElec SInv}
   (You found it on level 2 of the Dungeon)

   [ring of see invisible]

   rElec:     It insulates you from electricity.
   SInv:      It lets you see invisible.
Scrolls
 f - a scroll of noise {unknown}
 j - 2 scrolls of vulnerability {unknown}
 k - 3 scrolls of identify {unknown}
 n - a scroll of teleportation {unknown}
 s - a scroll of silence {unknown}
 w - a scroll of revelation {unknown}
Potions
 d - a potion of magic
 h - 2 potions of might {unknown}
 o - a potion of curing {unknown}
 q - a potion of lignification {unknown}
 r - 2 potions of cancellation {unknown}
 u - 2 potions of ambrosia {unknown}
 v - a potion of heal wounds


   Skills:
 - Level 1.7 Fighting
 + Level 2.6 Maces & Flails
 - Level 1.3 Dodging
 - Level 2.1 Stealth
 - Level 2.6 Spellcasting
 - Level 0.8 Conjurations
 - Level 0.7 Summonings
 - Level 1.0 Translocations


You had 6 spell levels left.
You knew the following spells:

 Your Spells              Type           Power      Damage    Failure   Level
a - Magic Dart            Conj           16%        1d3       89%         1

Your spell library contained the following spells:

 Spells                   Type           Power      Damage    Failure   Level
 Apportation              Tloc           8%         N/A       88%         1
 Summon Small Mammal      Summ           12%        N/A       91%         1
 Sting                    Conj/Alch      12%        1d3       93%         1
 Freeze                   Ice            4%         1d3       95%         1
 Necrotise                Necr           4%         1d4       95%         1
 Slow                     Hex            4%         N/A       95%         1
 Blink                    Tloc           8%         N/A       95%         2
 Call Imp                 Summ           6%         N/A       97%         2
 Cigotuvi's Dreadful Rot  Necr/Alch/Air  2%         N/A       99%         2
 Ensorcelled Hibernation  Hex/Ice        2%         N/A       99%         2
 Frozen Ramparts          Ice            2%         1d1       100%        3
 Hailstorm                Conj/Ice       3%         3d5       100%        3
 Mephitic Cloud           Conj/Alch/Air  2%         N/A       100%        3
 Passwall                 Erth           1%         N/A       100%        3
 Swiftness                Air            1%         N/A       100%        3


Dungeon Overview and Level Annotations

Branches:
Dungeon (3/15)

Altars:

Shops:
D:3 :*!


Innate Abilities, Weirdness & Mutations

Armour fits poorly on your strangely shaped body.
You have extremely tough skin. (AC +3)
You have a long armoured tail.
You regenerate magic when rolling toward enemies. (Rampage MPRegen)


Message History

You kill the bat!
No target in view!
You hit the orc priest but do no damage.
Your tail-slap misses the orc priest.
The orc priest hits you with a +0 hand axe.
The orc priest looks satisfied for a moment.
You hit the orc priest.
The orc priest is lightly wounded.
The orc priest hits you with a +0 hand axe.
You barely miss the orc priest.
The orc priest is lightly wounded.
The orc priest miscasts a cantrip.
You hit the orc priest.
The orc priest is moderately wounded.
The orc priest hits you with a +0 hand axe.
You closely miss the orc priest.
The orc priest is moderately wounded.
The orc priest barely misses you.
You closely miss the orc priest.
Your tail-slap misses the orc priest.
The orc priest is moderately wounded.
The orc priest hits you with a +0 hand axe. x2
You closely miss the orc priest.
The orc priest is moderately wounded.
The orc priest hits you with a +0 hand axe.
You barely miss the orc priest.
The orc priest is moderately wounded.
The orc priest calls down the wrath of Beogh upon you.
You barely resist. You barely miss the orc priest.
You tail-slap the orc priest!
The orc priest is almost dead.
The orc priest hits you with a +0 hand axe.
The orc priest barely misses you.
You barely miss the orc priest.
The orc priest is severely wounded.
The orc priest hits you with a +0 hand axe.
You barely miss the orc priest.
The orc priest is severely wounded.
The orc priest calls down the wrath of Beogh upon you.
Beogh smites you!
You die...

.......##...#.......#.......# #
#......###.########.#######.# #
#####....#..........# #.#####
#>.....##################......
#..............................
###.##.##.##.###################.
.......##.##.#### #.
.....)###...†...### ##### #.
......# ####.##.@.# #...# #.
......# #<).####o## #...# #.
####### ##### #..# #...# ## ##.#
#...# # #.# #...# # #.# #...# #
########.## #...# # #.........#
#...# # #.........#####...#


You could see an orc priest.

Vanquished Creatures
  2 adders
  A dart slug (D:1)
  A ribbon worm (D:2)
  5 orcs
  2 endoplasms
  3 hobgoblins
  6 kobolds
  A quokka (D:2)
  5 ball pythons
  5 bats
  2 frilled lizards
  5 goblins
  4 rats
42 creatures vanquished.

Notes
Turn   | Place    | Note
-------+----------+-------------------------------------------
     0 | D:1      | SnakkuSnakku7 the Armataur Hedge Wizard began the quest for
                  | the Orb.
     0 | D:1      | Reached XP level 1. HP: 14/14 MP: 4/4
    55 | D:1      | Reached skill level 1 in Fighting
   217 | D:1      | Reached XP level 2. HP: 11/23 MP: 5/5
   968 | D:2      | Reached skill level 1 in Maces & Flails
  1009 | D:2      | Identified the ring "Piesetec" {rElec SInv}
  1029 | D:2      | Reached XP level 3. HP: 29/29 MP: 7/7
  1780 | D:3      | Found Xuolupp's Assorted Antiques.
  1797 | D:3      | Bought a scroll labelled TIR JEIBECAROB for 33 gold pieces
  1797 | D:3      | Bought a scroll labelled SISHRI FOELO for 33 gold pieces
  1797 | D:3      | Bought a fizzy green potion for 29 gold pieces
  1800 | D:3      | Found Hiadede's Book Emporium.
  1814 | D:3      | Found Bawyuseu's Distillery.
  1820 | D:3      | Bought a potion of heal wounds for 70 gold pieces
  2326 | D:3      | Killed from afar by an orc priest

Illustrated notes

Levels and vault maps discovered:
D:1:      saegor_arrival_under_anarchy, layout_basic
D:2:      layout_basic
D:3:      layout_basic, serial_shops, nicolae_shop_tiny_glass,
          nicolae_shop_tiny_real_fake_doors, nicolae_shop_just_a_little_nook

Skill      XL: |  1  2  3 |
---------------+----------+-----
Fighting       | 1 |  1.7
Maces & Flails | 1 2 |  2.6
Dodging        | |  1.3
Stealth        | |  2.1
Spellcasting   | |  2.6
Conjurations   | |  0.8
Summonings     | |  0.7
Translocations | |  1.0

Action                     || total
---------------------------++-------
  Melee: Long sword        ||    27
         Mace              ||    81
         Tailslap          ||    12
         Flail             ||    18
         Punch             ||     1
   Stab: Sleeping          ||     4
 Armour: Robe              ||    56
         Chain mail        ||    74
  Dodge: Dodged            ||    58
